 Dungeon Crawl Stone Soup version 0.23.2-33-g5129a83 (webtiles) character file.

Game seed: 1306048624936569531

44 Balder the Skirmisher (level 3, -8/33 HPs)
             Began as a Minotaur Fighter on July 22, 2019.
             Killed by nerve-wracking pain
             ... invoked by an orc priest
              (13 damage)
             ... on level 3 of the Dungeon.
             The game lasted 00:09:43 (1701 turns).

Balder the Skirmisher (Minotaur Fighter)            Turns: 1701, Time: 00:09:44

Health: -8/33      AC:  7    Str: 20    XL:     3   Next: 39%
Magic:  0/2        EV: 13    Int:  5    God:
Gold:   104        SH: 10    Dex: 15    Spells: 2/2 levels left

rFire    . . .     SeeInvis .   a - +0 war axe
rCold    . . .     Gourm    .   c - +0 shield
rNeg     . . .     Faith    .   b - +0 scale mail
rPois    .         Spirit   +   (helmet restricted)
rElec    .         Reflect  .   e - scarf {Spirit}
rCorr    .         Harm     .   (no gloves)
MR       .....                  (no boots)
Stlth    +.........             (no amulet)
HPRegen  0.11/turn              (no ring)
MPRegen  0.08/turn              (no ring)

@: agile, flying
A: retaliatory headbutt, horns 2
a: no special abilities


You were on level 3 of the Dungeon.
You were not hungry.

You visited 1 branch of the dungeon, and saw 3 of its levels.

You collected 104 gold pieces.

Inventory:

Hand Weapons
 a - a +0 war axe (weapon)
 s - a +0 hunting sling
Armour
 b - a +0 scale mail (worn)
 c - a +0 shield (worn)
 e - a scarf of spirit shield (worn)
Scrolls
 i - 2 scrolls of fog {unknown}
 k - a scroll of teleportation {unknown}
 l - 3 scrolls of remove curse {unknown}
 m - a scroll of identify {unknown}
 p - 2 scrolls of random uselessness {unknown}
 q - a scroll of fear {unknown}
Potions
 d - a potion of might
 g - 2 potions of flight
 h - a potion of haste {unknown}
 j - a potion of ambrosia {unknown}
 n - 2 potions of agility
 o - a potion of lignification {unknown}
 r - a potion of curing {unknown}
Comestibles
 f - 2 rations
 t - 2 chunks of flesh


   Skills:
 * Level 4.1 Fighting
 * Level 3.2 Axes
 * Level 4.0 Armour
 * Level 0.8 Dodging
 + Level 0.1 Stealth
 * Level 3.9 Shields


You had 2 spell levels left.
You didn't know any spells.
Your spell library was empty.

Dungeon Overview and Level Annotations

Branches:
Dungeon (3/15)

Altars:
Xom


Innate Abilities, Weirdness & Mutations

You reflexively headbutt those who attack you in melee.
You have a pair of horns on your head.


Message History

You block the orc's attack.
The orc wizard hits you with a +0 dagger.
* * * LOW HITPOINT WARNING * * *
The orc barely misses you. You block the orc wizard's attack.
You hit the orc wizard. Your headbutt misses the orc wizard.
The orc wizard is lightly wounded.
The orc wizard barely misses you. The orc hits you but does no damage.
You closely miss the orc wizard.
The orc wizard is lightly wounded.
You closely miss the orc priest. The orc wizard barely misses you.
The orc closely misses you. The orc wizard closely misses you.
The orc priest hits you with a +3 dagger.
* * * LOW HITPOINT WARNING * * *
You hit the orc wizard.
The orc wizard is heavily wounded.
You hit the orc priest but do no damage.
The orc wizard barely misses you. The orc closely misses you.
The orc priest invokes the aid of Beogh against you.
Pain shoots through your body!
You die...

..# #.. #.. #..
#..## .o.# #o##
###@o####..#
#..........#
#.##.####..#
#.##..# ..# . ###
#.###.###.##.#.#
...#......).......
##.#......##.##.##.
.........((#... ...
#.#...(.#.#.##....


You could see an orc priest, an orc wizard and an orc.

Vanquished Creatures
  An ooze (D:3)
  A dart slug (D:1)
  A leopard gecko (D:3)
  4 giant cockroaches
  6 goblins
  3 hobgoblins
  2 quokkas
  3 ball pythons
  2 bats (D:1)
  2 frilled lizards (D:2)
  8 kobolds
  4 rats
37 creatures vanquished.

Notes
Turn   | Place    | Note
-------+----------+-------------------------------------------
     0 | D:1      | Balder the Minotaur Fighter began the quest for the Orb.
     0 | D:1      | Reached XP level 1. HP: 19/19 MP: 0/0
   364 | D:1      | Reached XP level 2. HP: 27/27 MP: 1/1
  1132 | D:2      | Found a shimmering altar of Xom.
  1194 | D:2      | Reached XP level 3. HP: 33/33 MP: 2/2
  1701 | D:3      | Killed from afar by an orc priest

Skill      XL: |  1  2 |
---------------+-------+-----
Fighting       | 4 |  4.1
Armour         | 4 |  4.0
Axes           | 3 |  3.2
Dodging        | |  0.8
Stealth        | |  0.1
Shields        | |  3.9

Action                   || total
-------------------------++-------
Melee: War axe           ||    91
       Headbutt          ||     8
  Use: Potion            ||     2
  Eat: Chunk             ||     1
       Ration            ||     1
Armor: Scale mail        ||    51
Dodge: Dodged            ||    37
Block: Shield            ||    51
